Cogmind - Beta 17 @@@ ROGUE MODE // 2026.07.02 @ 14:51:17 Player: Lolterzard Result: Destroyed by G-50 Soldier with Heavy Laser Performance ------------- Evolutions (4) 2000 Regions Visited (6) 1200 Robots Destroyed (146) 730 Value Destroyed (4237) 4237 Prototype IDs (4) 80 Alien Tech Used (0) 0 Bonus (183) 183 TOTAL SCORE: 8430 Bonus ------- High Alert Combat Kills 183 Cogmind --------- Core Integrity 0/850 Matter 142/300 Energy 98/100 System Corruption 1% Temperature Cool (18) Movement Core (250) Ox4 Location -6/Extension Parts ------- > --- POWER (2) -------- (None) > --- PROPULSION (7) --- (None) > --- UTILITY (4) ------ Improved Melee Analysis Suite Heavy Armor Plating > --- WEAPON (2) ------- (None) > --- INVENTORY (5) ---- Cold Fusion Reactor Improved Light Cannon Improved Grenade Launcher Peak State ------------ > --- POWER ------------ Heavy Deuterium Engine > --- PROPULSION ------- Airjet Airjet Airjet Gravmag System Gravmag System Gravmag System Gravmag System > --- UTILITY ---------- Improved Heat Sink Large Storage Unit Improved Medium Armor Plating > --- WEAPON ----------- Assault Cannon Advanced Assault Cannon > --- INVENTORY -------- Improved Deuterium Engine Heavy Deuterium Engine Cooled Deuterium Engine Cryofiber Web High-capacity Matter Pod Improved Utility Shielding Heavy Armor Plating System Restoration Module Assault Cannon Assault Cannon Improved Grenade Launcher Heavy Missile Launcher Axe [Rating: 49] Favorites ----------- Power Cooled Ion Engine Engine Cooled Ion Engine Power Core Light Nuclear Core Reactor Cold Fusion Reactor Propulsion Light Treads Treads Light Treads Leg VSS Leg Hover Unit Airjet Flight Unit Nuclear Pulse Thruster Utility Large Storage Unit Device Seismic Detector Storage Large Storage Unit Processor Improved Melee Analysis Suite Protection Hardened Medium Armor Plating Weapon Assault Cannon Energy Gun Medium Laser Ballistic Gun Assault Rifle Ballistic Cannon Assault Cannon Launcher Heavy Missile Launcher Slashing Weapon Axe Build | -11 -10 -9 -8 -7 -6 -6 ------- Run | Yrd Mat Mat Mat Fac Fac Ext Slots Evolved 8 | . . 2 2 2 2 . Power 1 | . . . . . 1 . Propulsion 5 | . . 2 2 1 . . Utility 2 | . . . . 1 1 . Weapon . | . . . . . . . Parts Attached 93 | 6 9 8 32 30 4 4 Power 14 | 1 1 2 3 5 2 . Engine 9 | 1 1 2 3 2 . . Core 4 | . . . . 3 1 . Reactor 1 | . . . . . 1 . Propulsion 43 | 2 2 4 19 13 2 1 Treads 10 | 2 2 . 4 2 . . Leg 13 | . . 4 9 . . . Wheel . | . . . . . . . Hover 19 | . . . 6 11 1 1 Flight 1 | . . . . . 1 . Utility 15 | 1 2 . 4 6 . 2 Device 3 | . 1 . 1 1 . . Storage 3 | 1 1 . . 1 . . Processor 1 | . . . . . . 1 Hackware . | . . . . . . . Protection 8 | . . . 3 4 . 1 Artifact . | . . . . . . . Weapon 21 | 2 4 2 6 6 . 1 Energy Gun 1 | 1 . . . . . . Energy Cannon . | . . . . . . . Ballistic Gun 1 | 1 . . . . . . Ballistic Cannon 16 | . 4 1 6 5 . . Launcher 2 | . . 1 . 1 . . Special Weapon . | . . . . . . . Impact Weapon . | . . . . . . . Slashing Weapon 1 | . . . . . . 1 Piercing Weapon . | . . . . . . . Special Melee Weapon . | . . . . . . . Unidentified Prototypes 4 | . . . 1 2 1 . Parts Lost 48 | . 2 4 18 18 2 4 Power 7 | . . 1 2 3 . 1 Propulsion 20 | . 1 1 8 7 1 2 Utility 5 | . . 1 2 2 . . Weapon 16 | . 1 1 6 6 1 1 Highest Loss Streak 7 | . 2 1 7 7 1 4 To Critical Strikes . | . . . . . . . Average Backups 12 | 2 8 14 13 13 10 3 Power 1 | . 1 2 . 1 2 . Propulsion . | . . . . . . . Utility 5 | . 3 5 5 5 4 . Weapon 5 | 1 3 7 6 5 3 2 Tool/Special . | . . . . . . . Unused Backups 24 | . 2 2 7 5 6 2 Power 3 | . . . . 1 2 . Propulsion 2 | . . . . 2 . . Utility 11 | . 1 2 3 1 4 . Weapon 8 | . 1 . 4 1 . 2 Tool/Special . | . . . . . . . Average Slot Usage (%) 74 | . 98 74 66 89 24 24 Engine 6 | . 14 10 7 2 . . Core 1 | . . . . 3 4 4 Treads 13 | . 27 16 7 17 1 . Leg 4 | . . 7 8 . . . Hover 11 | . . . 7 29 1 7 Device 4 | . 13 7 1 3 . . Storage 8 | . 14 11 9 7 5 . Protection 5 | . . . 6 9 . . Ballistic Cannon 15 | . 13 22 17 14 6 . Peak Build Rating 49 | 6 10 19 33 49 18 21 Average Rating 22 | 5 8 11 20 37 14 15 On Entrance 12 | . 6 9 19 29 9 15 Avg Prop Armor Cover (%) 7 | 22 9 . 5 8 19 . Naked Turns . | . . . . . . . Heaviest Build 50 | 12 34 34 46 50 36 15 Greatest Support 92 | 40 40 60 80 92 9 19 Greatest Overweight (x) 15 | 3 1 10 15 14 11 4 Average Overweight (x) . | . . . 1 . 2 . Largest Inventory Capacity 15 | 8 15 15 15 15 15 5 Average Capacity 14 | 7 14 15 15 15 13 5 Most Carried 15 | 4 15 15 15 15 13 5 Average Carried 13 | 2 8 14 13 14 11 4 Final Capacity 15 | 8 15 15 15 15 5 5 Final Carried 15 | 4 15 15 15 13 5 3 Class Distribution -------------------- 80% | Mutant 19% | Scavenger-Mutant Dominant Class ---------------- Mutant | -10/Materials Scavenger-Mutant | -9/Materials Mutant | -8/Materials Mutant | -7/Factory Mutant | -6/Factory Mutant | -6/Extension Resources | -11 -10 -9 -8 -7 -6 -6 ----------- Run | Yrd Mat Mat Mat Fac Fac Ext Matter Collected 4779 | 272 443 474 1657 1739 193 1 Remotely 527 | . . . 527 . . . Salvage Created 3933 | 120 541 636 1185 1409 42 . Parts 245 | 4 42 37 62 95 5 . Haulers Intercepted 14 | . 2 2 4 6 . . Recyclers Shooed 4 | . . 1 1 2 . . Parts Field Recycled . | . . . . . . . Retrieved Matter . | . . . . . . . Parts Self-Destructed . | . . . . . . . Prevented . | . . . . . . . Parts Restored . | . . . . . . . Kills | -11 -10 -9 -8 -7 -6 -6 ------- Run | Yrd Mat Mat Mat Fac Fac Ext Combat Hostiles Destroyed 97 | . 14 21 28 33 1 . Guns 9 | . 9 . . . . . Cannons 78 | . 5 18 28 26 1 . AOE 9 | . . 3 . 6 . . Classes Destroyed 14 | 2 5 3 2 2 . . Worker 6 | . 2 . 3 1 . . Builder 4 | . . 1 2 1 . . Tunneler 4 | 1 2 . 1 . . . Hauler 14 | . 2 2 4 6 . . Recycler 8 | 1 . . 4 3 . . Operator 1 | . . . . 1 . . Watcher 12 | . 3 3 3 3 . . Swarmer 27 | . 8 6 6 7 . . Grunt 35 | . 6 9 12 8 . . Brawler 2 | . . 1 . 1 . . Duelist 2 | . . . 1 1 . . Sentry 17 | . . 5 8 4 . . Hunter 3 | . . . 1 2 . . Programmer 11 | . . . . 10 1 . Best Kill Streak 9 | 2 7 4 9 5 1 . Combat Bots Only 7 | . 5 3 7 5 1 . Max Kills in Single Turn 2 | 1 2 2 2 2 1 . Gunslinging . | . . . . . . . Exploded 2 | . . 2 . 2 . . Melee . | . . . . . . . Uniques/NPCs Destroyed . | . . . . . . . Combat | -11 -10 -9 -8 -7 -6 -6 -------- Run | Yrd Mat Mat Mat Fac Fac Ext Hostile Shots Fired 931 | . 101 91 256 320 11 152 Missed 311 | . 30 32 60 109 2 78 Hits 620 | . 71 59 196 211 9 74 Melee 11 | . . 2 . 9 . . Projectile 609 | . 71 57 196 202 9 74 Critical Strikes 18 | . 1 2 11 3 . 1 Damage Taken 8276 | . 685 724 2622 2942 160 1143 Core 1835 | . 80 138 371 379 59 808 Absorbed by Shields . | . . . . . . . Redirected to Shielding 108 | . . . . 108 . . Regen/Repaired (Parts) 96 | . . . . 96 . . Core Remaining (%) 62 | 100 68 65 32 45 . . Volleys Fired 414 | 4 51 61 148 149 1 . Largest 2 | 2 2 2 2 2 2 . Hottest 83 | 70 83 60 74 79 74 . Shots Fired 804 | 8 99 121 294 280 2 . Gun 68 | 8 60 . . . . . Cannon 728 | . 39 119 294 274 2 . Launcher 8 | . . 2 . 6 . . Special . | . . . . . . . Kinetic 758 | 4 65 119 294 274 2 . Thermal 38 | 4 34 . . . . . Explosive 8 | . . 2 . 6 . . Electromagnetic . | . . . . . . . Robot Hit Streak 15 | 4 8 8 10 15 2 . Robot Miss Streak 5 | 1 4 3 5 5 . . Penetration Max . | . . . . . . . Secondary Targets 3 | . 3 . . . . . Max Gunslinging Chain 1 | . 1 . . . . . Shots Hit Robots 453 | 5 48 73 165 161 1 . Core Hits 202 | 3 33 32 65 68 1 . Critical Kills . | . . . . . . . Critical Parts Destroyed 1 | 1 . . . . . . Critical Strikes 19 | 1 2 2 5 9 . . Burn 1 | . 1 . . . . . Destroy 1 | 1 . . . . . . Blast 17 | . 1 2 5 9 . . Melee Attacks . | . . . . . . . Impact . | . . . . . . . Slashing . | . . . . . . . Piercing . | . . . . . . . Sneak Attacks . | . . . . . . . Combat Hostiles . | . . . . . . . Follow-up Attacks . | . . . . . . . Damage Inflicted 10668 | 61 905 1476 3605 4591 30 . Guns 519 | 61 458 . . . . . Cannons 9345 | . 442 1295 3581 3997 30 . Explosions 775 | . . 181 . 594 . . Melee . | . . . . . . . Ramming 29 | . 5 . 24 . . . Kinetic 9589 | 36 650 1295 3581 3997 30 . Thermal 275 | 25 250 . . . . . Explosive 775 | . . 181 . 594 . . Electromagnetic . | . . . . . . . Impact . | . . . . . . . Slashing . | . . . . . . . Piercing . | . . . . . . . Highest Corruption 7 | . 4 4 1 7 1 1 Average Corruption 1 | . 3 4 1 1 1 1 Corruption Purged . | . . . . . . . Corruption Blocked . | . . . . . . . Effects 49 | . 4 5 23 13 2 2 Message Errors 11 | . 1 2 5 3 . . Matter Fused 13 | . . 1 5 5 . 2 Heat Flow Errors 9 | . 2 . 4 2 1 . Energy Discharges 3 | . . . 1 1 1 . Parts Rejected 1 | . . . . 1 . . Parts Fused 1 | . . . 1 . . . Data Loss (minor) 8 | . 1 2 4 1 . . Misfires 2 | . . . 2 . . . Weapon Failures 1 | . . . 1 . . . Overload Shots . | . . . . . . . Overflow Damage 108 | . 4 6 40 58 . . Projectiles 89 | . 4 . 40 45 . . Explosions 19 | . . 6 . 13 . . Melee . | . . . . . . . Knockbacks 81 | . 6 7 29 39 . . Impact . | . . . . . . . Kinetic 75 | . 6 6 29 34 . . Secondary 6 | . . 1 . 5 . . Self-Inflicted Damage 146 | . . 6 . 140 . . Shots 4 | . . 1 . 3 . . Rammed 5 | . 2 . 1 2 . . Targets Rammed 8 | . 2 1 3 2 . . Kicked 2 | . . . 2 . . . Crushed 1 | . . 1 . . . . Highest Temperature 273 | 18 273 28 251 196 136 . Average Temperature 44 | 8 65 6 43 32 75 . Received Heat Transfer 2250 | . 204 234 1143 441 39 189 Siege Activations . | . . . . . . . Martial Activations . | . . . . . . . Shielding Activations . | . . . . . . . Robots Disrupted . | . . . . . . . Combat Hostiles . | . . . . . . . Robots Corrupted 1 | . . . . 1 . . Combat Hostiles 1 | . . . . 1 . . Parts Fried . | . . . . . . . Impact Corruptions 1 | . . . . 1 . . Robots Melted . | . . . . . . . Combat Hostiles . | . . . . . . . Parts Melted . | . . . . . . . Heat Transferred 888 | 74 814 . . . . . Parts Sabotaged . | . . . . . . . Parts Stolen . | . . . . . . . Parts Stripped . | . . . . . . . Power Chain Reactions . | . . . . . . . Alert | -11 -10 -9 -8 -7 -6 -6 ------- Run | Yrd Mat Mat Mat Fac Fac Ext Maximum Alert Level 3 | . . 1 1 3 1 . Low Security (%) 77 | 100 100 81 83 64 28 100 Level 1 16 | . . 18 16 12 71 . Level 2 5 | . . . . 18 . . Level 3 1 | . . . . 4 . . Level 4 . | . . . . . . . Level 5 . | . . . . . . . High Security . | . . . . . . . Max Security . | . . . . . . . Peak Influence 736 | 5 137 250 278 736 358 85 Initial 358 | . . 25 102 90 358 85 Average 132 | . 34 94 120 191 246 48 Influence Increases 3444 | 10 440 625 946 1288 75 60 Destroy 0b10 Robot/C 1940 | . 280 420 560 660 20 . Destroy 0b10 Robot/NC 245 | 10 45 30 85 75 . . Destroy Leader 550 | . 50 100 164 226 10 . Successful Hack 54 | . 4 30 5 15 . . Disable Machine 270 | . 60 15 60 135 . . Destroy Structure 115 | . 1 15 27 72 . . Partial Spotted 30 | . . . . . . 30 Lose Combat Pursuer 240 | . . 15 45 105 45 30 Influence Decreases 3444 | 10 379 442 991 755 632 235 Entered New Map 751 | . . 36 142 109 374 90 Time Decay 2116 | 10 254 376 669 464 238 105 Lost Part 452 | . 20 30 180 162 20 40 Lost Ally 20 | . . . . 20 . . Purge Threat 105 | . 105 . . . . . Squads Dispatched 20 | . 1 1 2 12 3 1 Investigation 4 | . 1 1 . 2 . . Extermination 8 | . . . . 6 2 . Reinforcement 4 | . . . 1 1 1 1 Assault 1 | . . . . 1 . . Garrison 3 | . . . 1 2 . . Intercept . | . . . . . . . Searches Triggered . | . . . . . . . Construction Impeded . | . . . . . . . Haulers Reinforced . | . . . . . . . Active Scanning Responses . | . . . . . . . Cargo Convoy Interrupts . | . . . . . . . Stealth | -11 -10 -9 -8 -7 -6 -6 --------- Run | Yrd Mat Mat Mat Fac Fac Ext Distress Signals 7 | . 1 2 2 2 . . Communications Jammed . | . . . . . . . Distress Signals . | . . . . . . . Times Spotted 158 | . 25 26 43 45 5 14 Peak Tracking Total 11 | . 7 4 5 5 4 11 Tactical Retreats 9 | . . 1 2 4 1 1 Traps | -11 -10 -9 -8 -7 -6 -6 ------- Run | Yrd Mat Mat Mat Fac Fac Ext Traps Triggered 9 | . 4 . 1 3 . 1 Indirectly . | . . . . . . . Trap Hack Attempts . | . . . . . . . Triggered . | . . . . . . . Disarmed 6 | . . . 6 . . . Reprogrammed . | . . . . . . . Reused . | . . . . . . . Traps Extracted . | . . . . . . . Installed . | . . . . . . . Triggered . | . . . . . . . Machines | -11 -10 -9 -8 -7 -6 -6 ---------- Run | Yrd Mat Mat Mat Fac Fac Ext Machines Disabled 18 | . 4 1 4 9 . . Max in Single Turn 4 | . 1 1 1 4 . . Machines Repaired . | . . . . . . . Machines Dismantled . | . . . . . . . Machines Sabotaged . | . . . . . . . Overloaded Fab Kills . | . . . . . . . Hacking | -11 -10 -9 -8 -7 -6 -6 --------- Run | Yrd Mat Mat Mat Fac Fac Ext Machines Accessed 22 | . 4 5 3 10 . . Terminals 16 | . 4 4 3 5 . . Fabricators 3 | . . . . 3 . . Repair Stations 2 | . . . . 2 . . Recycling Units . | . . . . . . . Scanalyzers 1 | . . 1 . . . . Garrison Access . | . . . . . . . Total Hacks 45 | . 9 9 6 21 . . Successful 27 | . 6 4 4 13 . . Failed 17 | . 3 4 2 8 . . Catastrophic 3 | . . 1 . 2 . . Database Lockouts 1 | . . 1 . . . . Manual 6 | . . 2 . 4 . . Terminals 31 | . 9 7 6 9 . . Fabricators 4 | . . . . 4 . . Repair Stations 8 | . . . . 8 . . Recycling Units . | . . . . . . . Scanalyzers 2 | . . 2 . . . . Garrison Access . | . . . . . . . Terminal Hacks 16 | . 6 3 4 3 . . Open DSF 1 | . . . . 1 . . Emergency Access Points 1 | . . . . 1 . . Alert Level 4 | . 2 1 1 . . . Unreport Threat 1 | . 1 . . . . . Locate Traps 4 | . 2 . 1 1 . . Disarm Traps 1 | . . . 1 . . . Hauler Manifests 2 | . 1 . 1 . . . Registered Components 1 | . . 1 . . . . Zone Layout 1 | . . 1 . . . . Fabricator Hacks 3 | . . . . 3 . . Network Status 2 | . . . . 2 . . Build 1 | . . . . 1 . . Repair Station Hacks 6 | . . . . 6 . . Scan Component 3 | . . . . 3 . . Repair 3 | . . . . 3 . . Recycling Unit Hacks . | . . . . . . . Scanalyzer 1 | . . 1 . . . . Retrieve Study 1 | . . 1 . . . . Garrison Access Hacks . | . . . . . . . Unauthorized Hacks 1 | . . . . 1 . . Terminals 1 | . . . . 1 . . Botnet 1 | . . . . 1 . . Fabricators . | . . . . . . . Repair Stations . | . . . . . . . Recycling Units . | . . . . . . . Scanalyzers . | . . . . . . . Garrison Access . | . . . . . . . Data Cores Recovered 1 | . . . . 1 . . Used 1 | . . . . 1 . . Hacking Detections 8 | . 1 2 . 5 . . Full Trace Events 3 | . . 1 . 2 . . Feedback Events . | . . . . . . . Feedback Blocked . | . . . . . . . Robot Schematics Acquired . | . . . . . . . Robots Built 2 | . . . . 2 . . Authchips . | . . . . . . . Time 40 | . . . . 40 . . Total Robot Build Rating 2 | . . . . 2 . . Part Schematics Acquired . | . . . . . . . Parts Built . | . . . . . . . Authchips . | . . . . . . . Time . | . . . . . . . Total Part Build Rating . | . . . . . . . Part Studies Acquired . | . . . . . . . Parts Repaired 3 | . . . . 3 . . Time 126 | . . . . 126 . . Parts Recycled . | . . . . . . . Recycled Matter . | . . . . . . . Retrieved Matter . | . . . . . . . Retrieved Components . | . . . . . . . Parts Scanalyzed . | . . . . . . . Part Schematics Acquired . | . . . . . . . Parts Damaged . | . . . . . . . Bothacking | -11 -10 -9 -8 -7 -6 -6 ------------ Run | Yrd Mat Mat Mat Fac Fac Ext Used RIF Installer . | . . . . . . . Robots Hacked . | . . . . . . . Non-combat . | . . . . . . . Combat . | . . . . . . . Robot Hacks Applied . | . . . . . . . Relay Couplers Released . | . . . . . . . Fabnet Peak Effective % . | . . . . . . . Robots Rewired . | . . . . . . . Allies Hacked . | . . . . . . . Hacks Repelled . | . . . . . . . Allies | -11 -10 -9 -8 -7 -6 -6 -------- Run | Yrd Mat Mat Mat Fac Fac Ext Total Allies 2 | . . . . 2 . . Largest Group 2 | . . . . 2 . . Highest-Rated Group 16 | . . . . 16 . . Highest-Rated Ally 8 | . . . . 8 . . Total Orders . | . . . . . . . Ally Attacks . | . . . . . . . Total Damage . | . . . . . . . Kills . | . . . . . . . Allies Corrupted . | . . . . . . . Allies Melted . | . . . . . . . Intel | -11 -10 -9 -8 -7 -6 -6 ------- Run | Yrd Mat Mat Mat Fac Fac Ext Active Infowar (turns) 1567 | . 922 645 . . . . Seismic 1567 | . 922 645 . . . . Robot Analysis Total . | . . . . . . . Derelict Logs Recovered . | . . . . . . . Drone Launches . | . . . . . . . Drone Recoveries . | . . . . . . . Exploration | -11 -10 -9 -8 -7 -6 -6 ------------- Run | Yrd Mat Mat Mat Fac Fac Ext Turns Passed 8519 | 88 986 922 3287 2484 504 248 Spaces Moved 4526 | 47 490 394 1277 1711 211 396 Core 300 | 19 . 3 139 20 27 92 Treads 1982 | 28 490 289 520 655 . . Legs 373 | . . 102 271 . . . Wheels . | . . . . . . . Hover 1825 | . . . 347 1036 138 304 Flight 46 | . . . . . 46 . Fastest Speed 36 | 50 160 120 90 36 60 50 Average Speed 144 | 135 163 159 214 93 232 56 Slowest Speed 800 | 200 240 550 800 750 600 250 Overloaded Moves . | . . . . . . . Propulsion Burnouts . | . . . . . . . Robots Hopped . | . . . . . . . Potential Cave-ins . | . . . . . . . Cave-ins Triggered . | . . . . . . . Exploration Rate (%) 46 | 3 81 43 86 44 5 63 Regions Visited 6 Branch Regions 1 Pre-discovered Areas . | . . . . . . . Known Exits Taken . | . . . . . . . Unknown Exits Taken 6 | 1 1 1 1 1 1 . Scrap Searched . | . . . . . . . Spaces Dug . | . . . . . . . Terrain Destroyed 109 | . 1 12 19 77 . . Melee . | . . . . . . . Projectile 34 | . 1 . 19 14 . . AOE 75 | . . 12 . 63 . . Terrain Rammed . | . . . . . . . Walls Destroyed . | . . . . . . . Machines Disabled . | . . . . . . . Actions | -11 -10 -9 -8 -7 -6 -6 --------- Run | Yrd Mat Mat Mat Fac Fac Ext Total 5704 | 61 573 570 1542 2314 223 421 Wait 504 | . . 95 31 373 . 5 Move 4520 | 46 489 393 1276 1710 210 396 Hop . | . . . . . . . Pick Up 62 | 5 16 5 24 12 . . Fast Attach 53 | 5 2 5 21 14 4 2 Attach 29 | 1 3 1 13 7 1 3 Detach 2 | . . . . . . 2 Swap 23 | . 4 3 . 16 . . Drop 68 | . 6 6 26 23 7 . Fire 414 | 4 51 61 148 149 1 . Melee . | . . . . . . . Ram . | . . . . . . . Kick 2 | . . . 2 . . . Crush 6 | . 2 1 1 2 . . Escape Stasis 21 | . . . . 8 . 13 Rewire . | . . . . . . . Trap . | . . . . . . . Miscellaneous . | . . . . . . . Route ------- -11/Scrapyard -10/Materials (discovered 6 exits: *Mat x3 / [*Min x2] / [*Sub]) -9/Materials (discovered 2 exits: *Mat / [*Min]) -8/Materials (discovered 2 exits: *Fac x2) -7/Factory -6/Factory -6/Extension (discovered 2 exits: [*Fac] / [*Cet]) History --------- Turn | Location | Event 10 | -11/Scrapyard | Discovered new exit (range 15) 89 | -11/Scrapyard | Entered Materials 306 | -10/Materials | Build established: Mutant 356 | -10/Materials | Discovered new exit (range 11) 463 | -10/Materials | Discovered new exit (range 7) 476 | -10/Materials | Discovered new exit (range 7) 700 | -10/Materials | Discovered new exit (range 10) 728 | -10/Materials | Discovered new exit (range 11) 1070 | -10/Materials | Discovered new exit (range 4) 1075 | -10/Materials | Entered another Materials area 1075 | -9/Materials | Evolved 2 slots: Propulsion x2 1528 | -9/Materials | Build established: Scavenger-Mutant 1613 | -9/Materials | Discovered new exit (range 14) 1943 | -9/Materials | Discovered new exit (range 16) 1979 | -9/Materials | Build established: Mutant 1986 | -9/Materials | Central database locked down 1997 | -9/Materials | Entered another Materials area 1997 | -8/Materials | Evolved 2 slots: Propulsion x2 2167 | -8/Materials | Lost 3 parts (1n2w) 2202 | -8/Materials | Destroyed 7 combat bots 2243 | -8/Materials | Lost 4 parts (1p3n) 2650 | -8/Materials | Discovered new exit (range 10) 2887 | -8/Materials | Lost 4 parts (1p1u2w) 3376 | -8/Materials | Garrison activated, responded to threat 3905 | -8/Materials | Discovered new exit (range 14) 3943 | -8/Materials | Core integrity fell below 50% 4005 | -8/Materials | Lost 7 parts (4n1u2w) 5284 | -8/Materials | Entered Factory 5284 | -7/Factory | Evolved 2 slots: Propulsion x1, Utility x1 6666 | -7/Factory | Repaired Airjet 6712 | -7/Factory | Repaired Gravmag System 7007 | -7/Factory | Build established: Scavenger-Mutant 7284 | -7/Factory | First assault squad dispatched 7351 | -7/Factory | Fabricated R-06 Scavenger (x2) 7490 | -7/Factory | Discovered new exit (range 16) 7565 | -7/Factory | Repaired Gravmag System 7581 | -7/Factory | Garrison activated, responded to threat 7629 | -7/Factory | Lost 7 parts (6n1u) 7729 | -7/Factory | Core integrity fell below 50% 7768 | -7/Factory | Entered another Factory area 7768 | -6/Factory | Evolved 2 slots: Power x1, Utility x1 7900 | -6/Factory | Build established: Mutant 8254 | -6/Factory | Discovered new exit (range 15) 8272 | -6/Factory | Entered Extension 8458 | -6/Extension | Spotted B-75 Beast 8464 | -6/Extension | Spotted B-75 Beast 8474 | -6/Extension | Core integrity fell below 50% 8478 | -6/Extension | Core integrity fell below 20% 8503 | -6/Extension | Lost 4 parts (1p2n1w) 8513 | -6/Extension | Discovered new exit (range 16) 8513 | -6/Extension | Discovered new exit (range 15) 8520 | -6/Extension | Destroyed by G-50 Soldier with Heavy Laser Last Messages --------------- 08353_ Acquired Imp. Gravmag System. 08464_ Slug penetrates R-10 Processor. 08464_ Slug penetrates Wall. 08466_ Gravmag System destroyed. 08468_ Penetrated by Slug. 08468_ Machine disabled. 08469_ Imp. Gravmag System destroyed. 08469_ Mic. Nuclear Core destroyed. 08469_ Critical hit (Blast). 08469_ Knocked back. 08471_ Slug penetrates Wall. 08472_ Axe destroyed. 08474_ Penetrated by Slug. 08477_ Slug penetrates Wall. 08479_ Acquired 1 matter. 08481_ Penetrated by Slug. 08481_ Slug penetrates Wall. 08487_ System corrupted: Matter fused (-8). 08513_ EXIT=FOUND 08516_ System corrupted: Matter fused (-8). Map ----- +----------------------------------------------------+ | ???????????????????????????????????? | | ???????????????????????????????????? | | ???????????????????????????????????? | | ???????????????????????????????????? | | ???????????????????????????????????? | | ???????????????????????????????????? | | ???????????????????????????????????? | | ???????????????????????????????????? | | ???????????????????????????????????? | | ???????????????????????????????????? | | ???????????????????????????????????? | | ???????????????????????????????????? | | ???????????????????????????????????? | | ???????????????????????????????????? | | ???????????????????????????????????? | | ???????????????????????????????????? | | ??????????????????????????????#????? | | ?????????????????????????????!#????? | | ????????????????????????##### ####?? | | ????????????????????????# "" "" #?? | | ######################### " " ##? | | gg !# | | g%< # | | g |# | | #?? | | R @ ! # | | ######################### ! < # | | ????????????????????????# # | | ????????????????????????###" "###? | | ???????????????????????????" "#??? | | ????????????????????????????""""#??? | | ????????????????????????????#####??? | | ???????????????????????????????????? | | ???????????????????????????????????? | | | | | | | | | | | | | | | | | | | | | | | | | | | | | | | | | +----------------------------------------------------+ Best States ------------- Heat Dissipation 48 Energy Generation 18 Energy Capacity 310 Matter Stores 300 Matter Capacity 300 Sight Range 16 Terrain Scan Density 10 Armor Coverage 600 Propulsion Shielding 66 Evasion (%) 57 Melee Accuracy 6 Recoil Reduction 4 Item Schematics ----------------- None Robot Schematics ------------------ None Fabricated ------------ R-06 Scavenger | x2 | -7/Factory | Preloaded Repaired ---------- Airjet | 10% | -7/Factory Gravmag System | 62% | -7/Factory Gravmag System | 4% | -7/Factory Studied --------- None Alien Tech Used ----------------- None Achievements -------------- None Challenges ------------ None Game ------ Seed HeavyAntisysCutter Manual? 0 Play Time 00:45:44 Cumulative 73.8 hours Start 2026.07.02 @ 13:54:31 End 2026.07.02 @ 14:51:17 Sessions 1 Manual Loads 0 Difficulty Rogue Special Mode None Game No. 153 Rogue 153 Adventurer 0 Explorer 0 Win Type - Total 0 Types 0/0/0/0/0/0/0/0/0/0 Lore% 36 Gallery% 32 Achievement% 27 Wizard Run 0 Options --------- Layout 0 ASCII 0 Keyboard 0 Movement Mouse Keybinds 0 Fullscreen 2 Font 24/Smallcaps Map View 76x50 Zoom Use 0% Tactical HUD 1 Map Filters NONE Filters NONE Steam 1 RUN: 1a50769e-7cc8-4be3-b0f6-c991ebd79594